 Dungeon Crawl Stone Soup version 0.20-a0-267-g4a7ec2a (webtiles) character file.

126 Duffy the Skirmisher (level 5, -2/35 HPs)
             Began as a Gargoyle Necromancer on Dec 6, 2016.
             Slain by Edmund
             ... wielding a +2 flail of protection
              (4 damage)
             ... on level 4 of the Dungeon.
             The game lasted 00:04:55 (2923 turns).

Duffy the Skirmisher (Gargoyle Necromancer)         Turns: 2923, Time: 00:04:57

Health: -2/35      AC: 12    Str: 13    XL:     5   Next: 10%
Magic:  3/8        EV: 10    Int: 15    God:
Gold:   60         SH:  0    Dex: 10    Spells: 4/8 levels left

rFire  . . .     SeeInvis .     i - +0 whip
rCold  . . .     Gourm    .     u - +0 ring mail (curse)
rNeg   + . .     Faith    .     (no shield)
rPois  ∞         Spirit   .     (no helmet)
rElec  +         Reflect  .     (no cloak)
rCorr  .         Harm     .     o - +2 pair of gloves
MR     .....                    (no boots)
Stlth  +++.......               (no amulet)
                                t - ring of stealth
                                g - ring of stealth

@: no status effects
A: negative energy resistance 1, electricity resistance, unbreathing,
petrification resistance, rot immunity, AC +4
a: no special abilities


You were on level 4 of the Dungeon.
You were hungry.

You visited 1 branch of the dungeon, and saw 4 of its levels.

You collected 60 gold pieces.

Inventory:

Hand Weapons
 d - a +0 dagger
 i - a +0 whip (weapon)
Armour
 a - a +0 robe
 h - a +0 chain mail
 o - a +2 pair of gloves (worn)
 q - a +0 leather armour
 u - a cursed +0 ring mail (worn)
Jewellery
 g - a ring of stealth (left hand)
 t - a ring of stealth (right hand)
Wands
 k - a wand of acid (6/15)
Scrolls
 e - a scroll of noise {unknown}
 j - a scroll of blinking {unknown}
 l - 3 scrolls of teleportation {unknown}
 v - a scroll of identify {unknown}
 y - a scroll of enchant armour {unknown}
Potions
 f - a potion of heal wounds {unknown}
 m - a potion of degeneration {unknown}
 p - a potion of curing {unknown}
 s - a potion of brilliance {unknown}
 w - a potion of magic {unknown}
 x - a potion of lignification {unknown}
 A - a potion of might {unknown}
Books
 b - a book of Necromancy

   Spells                             Type                      Level
   a - Pain                           Necromancy                   1
   b - Animate Skeleton               Necromancy                   1
   c - Vampiric Draining              Necromancy                   3
   d - Regeneration                   Charms/Necromancy            3
   e - Animate Dead                   Necromancy                   4
   f - Control Undead                 Necromancy                   4
Comestibles
 c - 2 bread rations
 r - a slice of pizza
 z - a chunk of flesh


   Skills:
 + Level 5.0 Fighting
 - Level 1.5 Dodging
 - Level 2.1 Stealth
 - Level 2.0 Spellcasting
 - Level 3.2 Necromancy


You had 4 spell levels left.
You knew the following spells:

 Your Spells              Type           Power        Failure   Level  Hunger
a - Pain                  Necr           ##..         14%         1    #......
l - Regeneration          Chrm/Necr      #.........   78%         3    ###....


Dungeon Overview and Level Annotations

Branches:
Dungeon (4/15)
 Temple: D:4-7

Altars:
Kikubaaqudgha
Nemelex Xobeh
Ru
Xom

Annotations:
D:3 Sigmund
D:4 Edmund


Innate Abilities, Weirdness & Mutations

You are resistant to torment.
Your stone body is resilient. (AC +4)
You are immune to poison.
You resist negative energy. (rN+)
You are resistant to electric shocks. (rElec)
You can survive without breathing.
You are immune to petrification.
You are immune to rotting.


Message History

Sigmund gestures at you while chanting.
You are confused.
Sigmund gestures wildly while chanting.
Sigmund flickers and vanishes!
Deactivating autopickup; reactivate with Ctrl-A.
You barely miss something. Something hits you but does no damage.
Something hits you but does no damage.
You bump into the rock wall.
Something hits you.
You feel less confused. Something hits you!
There is a stone staircase leading down here.
A magic dart appears from out of thin air!
The magic dart hits you!
You climb downwards.
Edmund the Younger comes into view.
He is wielding a flail of protection.
Found a scroll labeled CABLOF VOLATS.
There is a stone staircase leading up here.
Edmund shouts!
Edmund hits you with a flail of protection.
You die...

#...........
#............#
#.............
#.............
#..........?..
#.............
#...<.........
#....@........
#.##..@.......
##############


You could see Edmund.

Vanquished Creatures
  Ijyb (D:3)
  4 adders (D:2)
  A worm (D:3)
  A dart slug (D:1)
  A leopard gecko (D:1)
  An orc (D:2)
  2 ball pythons (D:3)
  6 bats
  2 bat skeletons (D:2)
  4 bat zombies (D:2)
  2 giant cockroaches
  7 goblins
  6 hobgoblins
  2 jackals (D:2)
  A quokka (D:3)
  7 frilled lizards
  5 kobolds
  7 rats
60 creatures vanquished.

Notes
Turn   | Place    | Note
-------+----------+-------------------------------------------
     0 | D:1      | Duffy the Gargoyle Necromancer began the quest for the Orb.
     0 | D:1      | Reached XP level 1. HP: 10/10 MP: 3/3
   131 | D:2      | Reached skill level 1 in Fighting
   306 | D:1      | Reached XP level 2. HP: 12/17 MP: 3/5
   406 | D:2      | Found a shimmering altar of Xom.
   502 | D:2      | Reached skill level 2 in Fighting
   943 | D:2      | Found a sparkling altar of Nemelex Xobeh.
   988 | D:2      | Reached skill level 3 in Fighting
   988 | D:2      | Reached XP level 3. HP: 15/23 MP: 0/6
  1215 | D:2      | Found a sparkling altar of Nemelex Xobeh.
  1653 | D:1      | Reached XP level 4. HP: 24/29 MP: 5/7
  1799 | D:1      | Reached skill level 4 in Fighting
  2366 | D:1      | Learned a level 3 spell: Regeneration
  2439 | D:2      | Found an ancient bone altar of Kikubaaqudgha.
  2565 | D:3      | Found a sacrificial altar of Ru.
  2616 | D:3      | Noticed Ijyb
  2637 | D:3      | Killed Ijyb
  2637 | D:3      | Reached XP level 5. HP: 28/34 MP: 8/8
  2746 | D:3      | Reached skill level 5 in Fighting
  2829 | D:3      | Noticed Sigmund
  2914 | D:3      | HP: 1/35 [something/magic dart (3)]
  2915 | D:4      | Noticed Edmund
  2923 | D:4      | Slain by Edmund

Vault maps used:
D:1:      ncdulo_wetmaze
D:2:      kennysheep_vampire_church, marbit_many_paths, xom_butterflies,
          nemelex_diamond_rough_becter
D:3:      nicolae_overflow_crystal_walls, uniq_iyjb, uniq_sigmund
D:4:      kennysheep_mini_moat, uniq_edmund, uniq_natasha, uniq_menkaure,
          uniq_pikel

Skill      XL: |  1  2  3  4  5 |
---------------+----------------+-----
Fighting       | 1 3 4 5 |  5.0
Dodging        | |  1.5
Stealth        | |  2.1
Spellcasting   | |  2.0
Necromancy     | |  3.2

Action                   |  1- 3 |  4- 6 || total
-------------------------+-------+-------++-------
Melee: Dagger            |    35 |       ||    35
       Unarmed           |     2 |       ||     2
       Whip              |    23 |   155 ||   178
Throw: Throwing net      |       |     1 ||     1
 Cast: Pain              |    38 |    20 ||    58
 Stab: Sleeping          |     3 |    10 ||    13
  Eat: Chunk             |     3 |     4 ||     7
Armor: Robe              |    31 |       ||    31
       Leather armour    |     1 |    87 ||    88
       Ring mail         |       |    12 ||    12
Dodge: Dodged            |    62 |   112 ||   174
